Workbook
Name Constr: '24785'!$A$1
Name FOT: '24785'!$D$18
Name Ind: '24785'!$G$9
Name Obj: '24785'!#REF!
Name Obosn: '24785'!$D$13
Name SmPr: '24785'!$D$14
Name аааааппппппрррппппппп: #REF!
Name аааааппппппрррппппппп: #REF!
Name аараооооооооооооо: #REF!
Name аараооооооооооооо: #REF!
Name автом: #REF!
Name автом: #REF!
Name алшрльоплварл: #REF!
Name алшрльоплварл: #REF!
Name аолвлддддддддддддддддввввввввв: #REF!
Name аолвлддддддддддддддддввввввввв: #REF!
Name апарв: #REF!
Name апарв: #REF!
Name апрлдджаоырыфрпопрлпрлпрлп: #REF!
Name апрлдджаоырыфрпопрлпрлпрлп: #REF!
Name арлггаджаш: #REF!
Name арлггаджаш: #REF!
Name ароррбллтблпроорапииас: #REF!
Name ароррбллтблпроорапииас: #REF!
Name арррррблллпдрлдддддддддд: #REF!
Name арррррблллпдрлдддддддддд: #REF!
Name варпаааааааааа: #REF!
Name варпаааааааааа: #REF!
Name ввпьььььлднд: #REF!
Name ввпьььььлднд: #REF!
Name вед: #REF!
Name вед: #REF!
Name вертикальная: #REF!
Name вертикальная: #REF!
Name вертикплан: #REF!
Name вертикплан: #REF!
Name волен: #REF!
Name волен: #REF!
Name вп: #REF!
Name вп: #REF!
Name впырпфдыпл: #REF!
Name впырпфдыпл: #REF!
Name впьглорьтитттттттттт: #REF!
Name впьглорьтитттттттттт: #REF!
Name всввввввввввввввввввввввввв: #REF!
Name всввввввввввввввввввввввввв: #REF!
Name выб: #REF!
Name выб: #REF!
Name выпуск: #REF!
Name выпуск: #REF!
Name выьлепвввввпмп: #REF!
Name выьлепвввввпмп: #REF!
Name еваопродолжэрщэрзшщщх: #REF!
Name еваопродолжэрщэрзшщщх: #REF!
Name измен: #REF!
Name измен: #REF!
Name итого: #REF!
Name итого: #REF!
Name итого: #REF!
Name итого_сантех: #REF!

Sheet 24785
A1: СОГЛАСОВАНО: | E1: ФГУП "Комбинат "Электрохимприбор" | M1: УТВЕРЖДАЮ:
G2: (наименование стройки) | M2: Зам. генерального директора
M3: Е.В.Гордеев
A4: _________________ | M4: _________________
A5: " _____ " ________________ 2013 г. | M5: "______ " __________2013 г.
G6: ЛОКАЛЬНЫЙ СМЕТНЫЙ РАСЧЕТ № 24785
G7: (локальная смета)
C9: на | D9: монтаж наружных сетей связи. Здание УВЦ ФГУП "Комбинат "Электрохимприбор"
D10: г.Лесной, ул. Ленина, 54а, 54б.
G11: (наименование работ и затрат, наименование объекта)
D13: Основание: проект 24533-13-СС
D14: Сметная стоимость _______________________________________________________________________________________________ | J14: ___________________________98,704 | L14: тыс. руб.
D15: строительных работ _______________________________________________________________________________________________ | J15: _______________________________________________________________________________________________1,611 | L15: тыс. руб.
D16: монтажных работ _______________________________________________________________________________________________ | J16: _______________________________________________________________________________________________88,974 | L16: тыс. руб.
D17: оборудования _______________________________________________________________________________________________ | J17: _______________________________________________________________________________________________8,119 | L17: тыс. руб.
D18: Средства на оплату труда _______________________________________________________________________________________________ | J18: ___________________________14,041 | L18: тыс. руб.
D19: Сметная трудоемкость _______________________________________________________________________________________________ | J19: _______________________________________________________________________________________________850,89 | L19: чел.час
D20: Материалы ______________________________________ | K20: =K111/1000 -> 34.755 | L20: тыс.руб.
D21: Составлен(а) в базовых ценах 2001г. в редакции 2009г.
A23: № пп | B23: Обоснова-ние | C23: Наименование | D23: Ед. изм. | E23: Кол. | F23: Стоимость единицы, руб. | J23: Общая стоимость, руб. | O23: Т/з осн. раб.на ед. | P23: Т/з осн. раб. Всего | Q23: Общая масса обору-дования, т
F24: Всего | G24: В том числе | J24: Обору-дование | K24: Всего | L24: В том числе
G25: Осн.З/п | H25: Эк.Маш | I25: З/пМех | L25: Осн.З/п | M25: Эк.Маш | N25: З/пМех
A26: 1 | B26: 2 | C26: 3 | D26: 4 | E26: 5 | F26: 6 | G26: 7 | H26: 8 | I26: 9 | J26: 10 | K26: 11 | L26: 12 | M26: 13 | N26: 14 | O26: 15 | P26: 16 | Q26: 17
A27: Раздел 1. Монтажные работы (наружная прокладка)
A28: 1 | B28: ТСЦ-501-1352 | C28: Кабели связи с полиэтиленовой изоляцией, с алюмополиэтиленовым экраном, марки ТППэп, диаметром жилы 0,5 мм, с числом пар - 10 | D28: 1000 м | E28: 0.2244 | F28: 8539 | K28: 1916
A29: 2 | B29: ТЕРм10-06-026-01 | C29: Прокладка кабеля в подземной канализации, масса 1 м кабеля до 1 кг ТППэп 10х2х0,5 | D29: 1 км | E29: 0.8 | F29: 6327.57 | G29: 1633.36 | H29: 2052.48 | I29: 172.13 | K29: 5062 | L29: 1307 | M29: 1642 | N29: 138 | O29: 136 | P29: 108.8
A30: 3 | B30: ТЕРм10-01-051-25 | C30: Разделка и включение кабелей ТСВ емкостью 10х2 при разделке одного кабеля пайкой | D30: 10 концов кабеля | E30: 2 | F30: 74.95 | G30: 69.11 | K30: 150 | L30: 138 | O30: 5.1 | P30: 10.2
A31: 4 | B31: Цена поставщика | C31: Кабель одномодовый оптический ОКЛ 0,22-8-С (Ц:75руб:1,18:5,56) | D31: м | E31: 1734 | F31: 11.43 | K31: 19820
A32: 5 | B32: ТЕРм10-06-048-09 | C32: Прокладка волоконно-оптических кабелей в канализации в полиэтиленовой трубе по занятому каналу трубопровода в существующей канализации | D32: 100 м кабеля | E32: 16.4 | F32: 772.1 | G32: 277.21 | H32: 482.24 | I32: 59.67 | K32: 12662 | L32: 4546 | M32: 7909 | N32: 979 | O32: 19 | P32: 311.6
A33: 6 | B33: ТЕРм10-06-055-02 | C33: Установка, монтаж УССЛК с учетом измерений в процессе монтажа на волоконно-оптическом кабеле ГТС с числом волокон 8 | D33: 1 УССЛК | E33: 1 | F33: 2691.57 | G33: 575.28 | H33: 2098.11 | I33: 259.6 | K33: 2692 | L33: 575 | M33: 2098 | N33: 260 | O33: 34 | P33: 34
A34: 7 | B34: ТЕРм10-06-054-10 | C34: Измерение на смонтированном участке волоконно-оптического зонового кабеля в одном направлении с числом волокон 8 | D34: 1 участок | E34: 1 | F34: 6424.99 | G34: 254.8 | H34: 6165.09 | I34: 171.99 | K34: 6425 | L34: 255 | M34: 6165 | N34: 172 | O34: 14 | P34: 14
A35: 8 | B35: ТЕРм10-06-034-31 | C35: Герметизация крышки люка колодца кабельной канализации (существующего колодца) | D35: 1 люк | E35: 3 | F35: 293.89 | G35: 25.63 | K35: 882 | L35: 77 | O35: 2.17 | P35: 6.51
A36: Раздел 2. Кабельные проводки в помещениях
A37: 9 | B37: ТЕРм08-02-147-02 | C37: Кабель до 35 кВ по установленным конструкциям и лоткам с креплением на поворотах и в конце трассы, масса 1 м кабеля до 2 кг ОКЛ 0,22-8-С КОЭФ. К ПОЗИЦИИ: 1.8.3.ОП При производстве работ на высоте свыше расстояний, указанных в вводных указаниях к разделам сборника: при высоте свыше 2 до 8 м ОЗП=1,05; ТЗ=1,05 | D37: 100 м кабеля | E37: 0.6 | F37: 1051.55 | G37: 219.1 | H37: 639.74 | I37: 68.54 | K37: 631 | L37: 131 | M37: 384 | N37: 41 | O37: 16.17 | P37: 9.7
A38: 10 | B38: ТЕРм08-02-147-01 | C38: Кабель до 35 кВ по установленным конструкциям и лоткам с креплением на поворотах и в конце трассы, масса 1 м кабеля до 1 кг ТППэп 10х2х0,5 КОЭФ. К ПОЗИЦИИ: 1.8.3.ОП При производстве работ на высоте свыше расстояний, указанных в вводных указаниях к разделам сборника: при высоте свыше 2 до 8 м ОЗП=1,05; ТЗ=1,05 | D38: 100 м кабеля | E38: 1.4 | F38: 813.92 | G38: 165.04 | H38: 456.3 | I38: 50.35 | K38: 1139 | L38: 231 | M38: 639 | N38: 70 | O38: 12.18 | P38: 17.05
A39: 11 | B39: ФЕРм08-02-390-01 | C39: Короба пластмассовые: шириной до 40 мм КОЭФ. К ПОЗИЦИИ: Приведение расценок ФЕР к территориальному уровню (Письмо УРЦЦС Ц-297 от 12.04.2011) ОЗП=1,41; ЭМ=1,242; ЗПМ=1,41; МАТ=1,052 | D39: 100 м | E39: 0.35 | F39: 311.4 | G39: 218.44 | H39: 38.75 | I39: 0.17 | K39: 109 | L39: 76 | M39: 14 | O39: 16.29 | P39: 5.7
A40: 12 | B40: Цена поставщика | C40: Мини-канал ПВХ 40х17 мм с крышкой длиной 2 м (Ц:60руб:1,18:5,56) | D40: м | E40: 70 | F40: 9.15 | K40: 641
A41: 13 | B41: ТЕРр63-10-2 | C41: Разборка облицовки потолков из плит типа Армстронг | D41: 100 м2 | E41: 0.6 | F41: 124.65 | G41: 116.59 | H41: 8.06 | I41: 3.12 | K41: 75 | L41: 70 | M41: 5 | N41: 2 | O41: 9.58 | P41: 5.75
A42: 14 | B42: ТЕР15-07-016-01 | C42: Восстановление облицовки потолков из плит типа Армстронг б/у КОЭФ. К ПОЗИЦИИ: Новый коэффициент МАТ=0 к расх. | D42: 100 м2 | E42: 0.6 | F42: 887.21 | G42: 874.72 | H42: 12.49 | I42: 4.84 | K42: 532 | L42: 525 | M42: 7 | N42: 3 | O42: 71 | P42: 42.6
A43: Раздел 3. Монтажные работы для узла связи в здании УВЦ по ул.Ленина 54А
A44: 15 | B44: Цена поставщика | C44: Шкаф напольный DGR32U66 (Ц:27012руб:1,18:4.19) КОЭФ. К ПОЗИЦИИ: Транспортные расходы на оборудование - согласно п.4.60 из МДС 81-35.2004 ПЗ=1,03 (ОЗП=1,03; ЭМ=1,03; МАТ=1,03); Заготовительно-складские расходы на оборудование - согласно п.4.64 из МДС 81-35.2004 ПЗ=1,012 (ОЗП=1,012; ЭМ=1,012; МАТ=1,012) | D44: шт | E44: 1 | J44: 5695 | K44: 5695
A45: 16 | B45: ТЕРм10-04-113-02 | C45: Монтаж: шкаф коммуникационный напольный (ESTAR DRK 32U66) | D45: 1 шт. | E45: 1 | F45: 287.67 | G45: 209.59 | H45: 49.97 | I45: 10.15 | K45: 288 | L45: 210 | M45: 50 | N45: 10 | O45: 16.4 | P45: 16.4
A46: 17 | B46: Цена поставщика | C46: Коммуникационная панель АМР 2-1206138-4 (Ц:5900руб:1,18:5,56) | D46: шт | E46: 2 | F46: 899.28 | K46: 1799
A47: 18 | B47: ТЕРм10-04-112-01 прим. | C47: Монтаж в шкаф коммутационных панелей | D47: 1 шт. | E47: 2 | F47: 94.46 | G47: 67.75 | K47: 189 | L47: 136 | O47: 5 | P47: 10
A48: 19 | B48: Цена поставщика | C48: Консольная полка ESTAR E44RM3511(Ц:1200руб:1,18:5,56) | D48: шт | E48: 1 | F48: 182.9 | K48: 183
A49: 20 | B49: Цена поставщика | C49: Блок розеток М44PWC06 ESTAR (Ц:1800руб:1,18:5,56) | D49: шт | E49: 1 | F49: 274.36 | K49: 274
A50: 21 | B50: Цена поставщика | C50: Комплект уголков 2 шт М44КДВ60 ESTAR (Ц:581,57руб:1,18:5,56) | D50: шт | E50: 1 | F50: 88.64 | K50: 89
A51: 22 | B51: ТЕРм11-03-001-01 прим. | C51: Монтаж в шкаф полки, органайзеров, блока розеток питания и пр. | D51: 1 шт. | E51: 4 | F51: 8.41 | G51: 7.26 | K51: 34 | L51: 29 | O51: 0.52 | P51: 2.08
A52: 23 | B52: Цена поставщика | C52: Голосовой шлюз с 8 портами DVG-5008S (Ц:11500руб:1,18:4.19) КОЭФ. К ПОЗИЦИИ: Транспортные расходы на оборудование - согласно п.4.60 из МДС 81-35.2004 ПЗ=1,03 (ОЗП=1,03; ЭМ=1,03; МАТ=1,03); Заготовительно-складские расходы на оборудование - согласно п.4.64 из МДС 81-35.2004 ПЗ=1,012 (ОЗП=1,012; ЭМ=1,012; МАТ=1,012) | D52: шт | E52: 1 | J52: 2424 | K52: 2424
A53: 24 | B53: Цена поставщика | C53: Модуль вентиляторный M77HV2FT (Ц:2115,10руб:1,18:5,56) | D53: шт | E53: 1 | F53: 322.38 | K53: 322
A54: 25 | B54: ТЕРм11-03-001-01 | C54: Монтаж: модуль вентиляторный в шкафу | D54: 1 шт. | E54: 1 | F54: 8.41 | G54: 7.26 | K54: 8 | L54: 7 | O54: 0.52 | P54: 0.52
A55: 26 | B55: Цена поставщика | C55: SC пигтейл АМР 5233266-1 (Ц:585,30руб:1,18:5,56) | D55: шт | E55: 8 | F55: 89.21 | K55: 714
A56: 27 | B56: Цена поставщика | C56: Термоусаживающие гильзы КЗДС-40 (Ц:9руб:1,18:5,56) | D56: шт | E56: 8 | F56: 1.37 | K56: 11
A57: 28 | B57: Цена поставщика | C57: Лоток на термоусаживающие гильзы АМР Е96145-000 (Ц:850руб:1,18:5,56) | D57: шт | E57: 1 | F57: 129.56 | K57: 130
A58: 29 | B58: Цена поставщика | C58: Кабельное кольцо К44RING (Ц:80.41руб:1,18:5,56) | D58: шт | E58: 8 | F58: 12.26 | K58: 98
A59: 30 | B59: Цена поставщика | C59: Кросс серии 110ХС АМР 558635-1 (Ц:3000руб:1,18:5,56) | D59: шт | E59: 1 | F59: 457.26 | K59: 457
A60: 31 | B60: ТЕРм10-04-112-02 прим. | C60: Монтаж: кросс, количество пар 100 (АМР 558635-1) | D60: 1 шт. | E60: 1 | F60: 508.42 | G60: 379.4 | K60: 508 | L60: 379 | O60: 28 | P60: 28
A61: 32 | B61: Цена поставщика | C61: Кабель питания 3м АС-101 (Ц:1500руб:1,18:5,56) | D61: шт | E61: 1 | F61: 228.63 | K61: 229
A62: 33 | B62: Цена поставщика | C62: Комплект крепежа для оборудования KFS 6X15 (Ц:30руб:1,18:5,56) | D62: шт | E62: 50 | F62: 4.57 | K62: 229
A63: 34 | B63: Цена поставщика | C63: Сдвоенный коммутационный кабель (Ц:1634,40руб:1,18:5,56) | D63: шт | E63: 1 | F63: 249.12 | K63: 249
A64: 35 | B64: Цена поставщика | C64: Держатель маркировочных полосок для кросс-панели АМР 0558417-1 (Ц:30руб:1,18:5,56) | D64: шт | E64: 2 | F64: 4.57 | K64: 9
A65: 36 | B65: Цена поставщика | C65: Бумажные полоски для маркировки кросс-панели АМР 1116037-1 (Ц:10руб:1,18:5,56) | D65: шт | E65: 2 | F65: 1.52 | K65: 3
A66: 37 | B66: Цена поставщика | C66: Разъём на 1 пару АМР 0569477-1 (Ц:90руб:1,18:5,56) | D66: шт | E66: 10 | F66: 13.72 | K66: 137
A67: 38 | B67: Цена поставщика | C67: Разъём на 2 пары АМР 0569478-1 (Ц:90руб:1,18:5,56) | D67: шт | E67: 10 | F67: 13.72 | K67: 137
A68: 39 | B68: ТЕРм10-01-051-15 | C68: Разделка информационных кабелей пистолетом | D68: 10 концов кабеля | E68: 4 | F68: 74.06 | G68: 69.11 | K68: 296 | L68: 276 | O68: 5.1 | P68: 20.4
A69: 40 | B69: ТЕРм11-04-020-01 | C69: Разделка информационных кабелей и установка разъемов (коммутационные кабели) | D69: 1 шт. | E69: 40 | F69: 33.86 | G69: 27.3 | K69: 1354 | L69: 1092 | O69: 2.06 | P69: 82.4
A70: 41 | B70: ТЕРм10-06-032-01 | C70: Комплекс измерений постоянным током смонтированных парных кабелей до и после включения в оконечные устройства | D70: 100 пар | E70: 0.6 | F70: 188.66 | G70: 176.15 | K70: 113 | L70: 106 | O70: 13 | P70: 7.8
A71: Раздел 4. Монтажные работы для узла связи в здании УВЦ по ул.Ленина 54Б
A72: 42 | B72: Цена поставщика | C72: Шкаф ШРН-В/50 (Ц:1377руб:1,18:5,56) | D72: шт | E72: 1 | F72: 208.82 | K72: 209
A73: 43 | B73: ТЕРм10-04-112-02 | C73: Монтаж: шкаф коммутации связи и сигнализации на стене или в нише, количество пар до 100 | D73: 1 шт. | E73: 1 | F73: 508.42 | G73: 379.4 | K73: 508 | L73: 379 | O73: 28 | P73: 28
A74: 44 | B74: Цена поставщика | C74: Плинт типа Krone 10х2 с разрывными контактами (Ц:500руб:1,18:5,56) | D74: шт | E74: 4 | F74: 76.21 | K74: 305
A75: 45 | B75: ТЕРм11-03-001-01 прим. | C75: Монтаж плинтов | D75: 1 шт. | E75: 4 | F75: 8.41 | G75: 7.26 | K75: 34 | L75: 29 | O75: 0.52 | P75: 2.08
A76: Раздел 5. Монтажные работы для узла связи в коттедже по ул.Кирова 1В
A77: 46 | B77: Цена поставщика | C77: Коммуникационная панель АМР 2-1206138-4 (Ц:5900руб:1,18:5,56) | D77: шт | E77: 1 | F77: 899.28 | K77: 899
A78: 47 | B78: ТЕРм10-04-112-01 прим. | C78: Монтаж в шкаф коммутационных панелей | D78: 1 шт. | E78: 1 | F78: 94.46 | G78: 67.75 | K78: 94 | L78: 68 | O78: 5 | P78: 5
A79: 48 | B79: Цена поставщика | C79: SC пигтейл АМР 5233266-1 (Ц:585,30руб:1,18:5,56) | D79: шт | E79: 8 | F79: 89.21 | K79: 714
A80: 49 | B80: Цена поставщика | C80: Лоток на термоусаживающие гильзы АМР Е96145-000 (Ц:850руб:1,18:5,56) | D80: шт | E80: 1 | F80: 129.56 | K80: 130
A81: 50 | B81: Цена поставщика | C81: Термоусаживающие гильзы КЗДС-40 (Ц:9руб:1,18:5,56) | D81: шт | E81: 8 | F81: 1.37 | K81: 11
A82: 51 | B82: Цена поставщика | C82: Сдвоенный коммутационный кабель (Ц:1634,40руб:1,18:5,56) | D82: шт | E82: 1 | F82: 249.12 | K82: 249
A83: Итого прямые затраты по смете в ценах 2001г. | K83: 71868 | L83: 10642 | M83: 18913 | N83: 1675 | P83: 768.59
A84: Итого прямые затраты по смете с учетом коэффициентов к итогам | K84: 74491 | L84: 12250 | M84: 19367 | N84: 1791 | P84: 850.89
A85: В том числе, справочно:
A86: Районный к-т 4,3% (Поз. 13-14, 2, 6, 8, 41, 3, 22, 25, 39, 45, 5, 7, 9-11, 16, 18, 31, 40, 43, 47) | K86: 529 | L86: 458 | M86: 72 | N86: 72
A87: Заготовительно-складские расходы на материалы - согласно п.4.64 из МДС 81-35.2004 МАТ=1,02 (Поз. 4, 12, 17, 19-21, 24, 26-30, 32-38, 42, 44, 46, 48-51) | K87: 561
A88: 2. Производство монтажных работ в существующих зданиях и сооружениях в стесненных условиях ОЗП=1,35; ЭМ=1,35; ЗПМ=1,35; ТЗ=1,35; ТЗМ=1,35 (Поз. 41, 22, 25, 39, 45, 9-11, 16, 18, 31, 40, 43, 47) | K88: 1533 | L88: 1150 | M88: 382 | N88: 44 | P88: 82.2955
A89: Накладные расходы | K89: 14873
A90: В том числе, справочно:
A91: 77% ФОТ (от 75) (Поз. 13) | K91: 58
A92: 80% ФОТ (от 625) (Поз. 3, 22, 25, 39, 45) | K92: 500
A93: 92% ФОТ (от 3201) (Поз. 16, 18, 31, 40, 43, 47) | K93: 2945
A94: 95% ФОТ (от 774) (Поз. 9-11) | K94: 735
A95: 100% ФОТ (от 2608) (Поз. 2, 6, 8, 41) | K95: 2608
A96: 105% ФОТ (от 551) (Поз. 14) | K96: 579
A97: 120% ФОТ (от 6207) (Поз. 5, 7) | K97: 7448
A98: Сметная прибыль | K98: 9340
A99: В том числе, справочно:
A100: 50% ФОТ (от 75) (Поз. 13) | K100: 38
A101: 55% ФОТ (от 551) (Поз. 14) | K101: 303
A102: 60% ФОТ (от 625) (Поз. 3, 22, 25, 39, 45) | K102: 375
A103: 65% ФОТ (от 6583) (Поз. 2, 6, 8, 41, 9-11, 16, 18, 31, 40, 43, 47) | K103: 4279
...

Sheet НМЦ
A1: г. Лесной ФГУП "Комбинат "Электрохимприбор"
A3: Расчет начальной (максимальной) цены
A5: Выполнение работ по монтажу наружных сетей связи здания учебно-выставочного центра ФГУП "Комбинат "Электрохимприбор"
A8: Составлен в ценах по состоянию на 01.01.2000 г. с переводом в текущие | D8: руб.
A9: Наименование глав ССР, объектных сметных расчетов, локальных сметных расчетов, видов работ | B9: Сметная стоимость в базисных ценах на 01.01.2000 | C9: Текущая стоимость на момент определения начальной (максимальной) цены | D9: № обосновывающего расчета
A13: 1 | B13: 2 | C13: 3 | D13: 4
A14: монтаж наружных сетей связи. Здание УВЦ ФГУП "Комбинат "Электрохимприбор" | B14: ='Сводка затрат'!H14 -> 98704 | C14: ='Сводка затрат'!H16 -> 537671 | D14: 24785
A15: Итого | B15: =SUM(B14:B14) -> 98704 | C15: =SUM(C14:C14) -> 537671
A17: НДС 18% | C17: =ROUND(C15*18%,2) -> 96780.78
A19: Всего | C19: =SUM(C15:C18) -> 634451.78
A22: Начальник отдела капитального строительства | D22: В.В. Моляков
A24: Инженер по проектно-сметной работе | D24: Т.Ш. Ковязина
A27: Согласовано | D27: отдел 028

Sheet Сводка затрат
A1: Приложение №__ к договору от "__"______2013 №_______
A3: г. Лесной. ФГУП "Комбинат "Электрохимприбор"
A5: Сводка затрат
A7: Выполнение работ по монтажу наружных сетей связи здания учебно-выставочного центра
A8: ФГУП «Комбинат «Электрохимприбор»
A10: Составлен в ценах по состоянию на 01.01.2000 г.
A11: № п/п | B11: Номера сметных расчетов и смет | C11: Наименование работ и затрат | D11: Сметная стоимость | H11: Общая сметная стоимость, руб.
D12: строительных работ | E12: монтажных работ | F12: оборудования, мебели, инвентаря | G12: прочих затрат
A13: 1 | B13: 2 | C13: 3 | D13: 4 | E13: 5 | F13: 6 | G13: 7 | H13: 8
A14: 1 | B14: 24785 | C14: монтаж наружных сетей связи. Здание УВЦ ФГУП "Комбинат "Электрохимприбор" | D14: ='24785'!K106 -> 1611 | E14: ='24785'!K107 -> 88974 | F14: ='24785'!K108 -> 8119 | G14: 0 | H14: =SUM(D14:G14) -> 98704
C15: Итого в базисных ценах 2000 г. | D15: =SUM(D14:D14) -> 1611 | E15: =SUM(E14:E14) -> 88974 | F15: =SUM(F14:F14) -> 8119 | G15: =SUM(G14:G14) -> 0 | H15: =SUM(D15:G15) -> 98704
C16: Всего в ценах 2012 (Ксмр=5,56, Коб.=4,19, Кпнр=9,32) | D16: =ROUND(D15*5.56,0) -> 8957 | E16: =ROUND(E15*5.56,0) -> 494695 | F16: =ROUND(F15*4.19,0) -> 34019 | G16: =ROUND(G15*9.32,0) -> 0 | H16: =SUM(D16:G16) -> 537671
C17: НДС 18% | D17: =ROUND(D16*18%,2) -> 1612.26 | E17: =ROUND(E16*18%,2) -> 89045.1 | F17: =ROUND(F16*18%,2) -> 6123.42 | G17: =ROUND(G16*18%,2) -> 0 | H17: =SUM(D17:G17) -> 96780.78
C18: Всего в ценах 2012 с НДС | D18: =SUM(D16:D17) -> 10569.26 | E18: =SUM(E16:E17) -> 583740.1 | F18: =SUM(F16:F17) -> 40142.42 | G18: =SUM(G16:G17) -> 0 | H18: =SUM(D18:G18) -> 634451.78
C22: ЗАКАЗЧИК: | H22: ПОДРЯДЧИК:
C23: Генеральный директор
C24: ФГУП "Комбинат "Электрохимприбор"
C26: __________________ А.В. Новиков
